Cogmind - Beta 13 @@@ ROGUE MODE // 2024.04.05 @ 05:01:07 Player: kirkalish Result: Destroyed by G-34 Mercenary with Small Laser Performance ------------- Evolutions (0) 0 Regions Visited (1) 200 Robots Destroyed (26) 130 Value Destroyed (690) 690 Prototype IDs (2) 40 Alien Tech Used (0) 0 Bonus (0) 0 TOTAL SCORE: 1060 Bonus ------- None Cogmind --------- Core Integrity 0/250 Matter 407/450 Energy 230/250 System Corruption 0% Temperature Cool (36) Movement Walking (190) Ox1 Location -10/Materials Parts ------- > --- POWER (1) -------- Ion Engine > --- PROPULSION (2) --- Aluminum Leg Aluminum Leg > --- UTILITY (2) ------ Large Storage Unit Large Matter Pod > --- WEAPON (2) ------- Shotgun Light Cannon > --- INVENTORY (15) --- Ion Engine Backup Power I Faulty Cooled Ion Engine Cooled Ion Engine Cooled Ion Engine Cooled Ion Engine Backup Plating I Hacking Suite Hacking Suite Trap Extractor (0/4) Shotgun Grenade Launcher Peak State ------------ > --- POWER ------------ Ion Engine > --- PROPULSION ------- Aluminum Leg Aluminum Leg > --- UTILITY ---------- Large Storage Unit Large Matter Pod > --- WEAPON ----------- Light Cannon Datajack > --- INVENTORY -------- Ion Engine Backup Power I Cooled Ion Engine Cooled Ion Engine Cooled Ion Engine Cooled Ion Engine Backup Plating I Hacking Suite Hacking Suite Grenade Launcher [Rating: 9] Favorites ----------- Power Ion Engine Engine Ion Engine Propulsion Aluminum Leg Treads Light Treads Leg Aluminum Leg Utility Large Storage Unit Storage Large Storage Unit Protection Backup Plating I Weapon Light Cannon Ballistic Gun Assault Rifle Ballistic Cannon Light Cannon Launcher Grenade Launcher Special Melee Weapon Datajack Build | -11 -10 ------- Run | Yrd Mat Slots Evolved . | . . Power . | . . Propulsion . | . . Utility . | . . Weapon . | . . Parts Attached 25 | 6 19 Power 5 | 1 4 Engine 5 | 1 4 Core . | . . Reactor . | . . Propulsion 7 | 2 5 Treads 2 | 2 . Leg 5 | . 5 Wheel . | . . Hover . | . . Flight . | . . Utility 3 | 1 2 Device . | . . Storage 3 | 1 2 Processor . | . . Hackware . | . . Protection . | . . Artifact . | . . Weapon 10 | 2 8 Energy Gun . | . . Energy Cannon . | . . Ballistic Gun 4 | 2 2 Ballistic Cannon 2 | . 2 Launcher 2 | . 2 Special Weapon . | . . Impact Weapon . | . . Slashing Weapon . | . . Piercing Weapon . | . . Special Melee Weapon 2 | . 2 Unidentified Prototypes . | . . Parts Lost 4 | . 4 Power 1 | . 1 Propulsion 1 | . 1 Utility . | . . Weapon 2 | . 2 Highest Loss Streak 2 | . 2 To Critical Strikes . | . . Average Slot Usage (%) 91 | . 91 Engine 11 | . 11 Treads 8 | . 8 Leg 19 | . 19 Storage 19 | . 19 Protection 3 | . 3 Ballistic Gun 6 | . 6 Ballistic Cannon 9 | . 9 Launcher 1 | . 1 Special Melee Weapon 9 | . 9 Naked Turns . | . . Heaviest Build 32 | 14 32 Greatest Support 40 | 40 40 Greatest Overweight (x) 2 | 1 2 Average Overweight (x) . | . . Largest Inventory Capacity 15 | 8 15 Average Capacity 13 | 7 14 Most Carried 13 | 4 13 Average Carried 4 | . 4 Final Capacity 15 | 8 15 Final Carried 12 | . 12 Class Distribution -------------------- 89% | Mutant 10% | Scavenger-Mutant Dominant Class ---------------- Mutant | -10/Materials Resources | -11 -10 ----------- Run | Yrd Mat Matter Collected 953 | 220 733 Remotely . | . . Salvage Created 833 | 21 812 Parts 55 | 2 53 Haulers Intercepted . | . . Recyclers Shooed . | . . Parts Field Recycled . | . . Retrieved Matter . | . . Parts Self-Destructed . | . . Prevented . | . . Kills | -11 -10 ------- Run | Yrd Mat Combat Hostiles Destroyed 15 | . 15 Guns 4 | . 4 Cannons 8 | . 8 AOE 3 | . 3 Classes Destroyed 7 | 1 6 Worker 1 | . 1 Builder 1 | . 1 Tunneler 1 | 1 . Recycler 2 | . 2 Operator 3 | . 3 Watcher 3 | . 3 Grunt 15 | . 15 Best Kill Streak 5 | 1 5 Combat Bots Only 4 | . 4 Max Kills in Single Turn 1 | 1 1 Gunslinging . | . . Exploded 1 | . 1 Melee . | . . Uniques/NPCs Destroyed . | . . Combat | -11 -10 -------- Run | Yrd Mat Hostile Shots Fired 130 | . 130 Missed 30 | . 30 Damage Taken 1250 | . 1250 Core 251 | . 251 Absorbed by Shields . | . . Regen/Repaired (Parts) 5 | . 5 Core Remaining (%) 100 | 100 . Volleys Fired 76 | 1 75 Largest 2 | 2 2 Hottest 50 | 40 50 Shots Fired 103 | 2 101 Gun 50 | 2 48 Cannon 44 | . 44 Launcher 9 | . 9 Special . | . . Kinetic 94 | 2 92 Thermal . | . . Explosive 9 | . 9 Electromagnetic . | . . Robot Hit Streak 9 | . 9 Robot Miss Streak 4 | . 4 Penetration Max . | . . Secondary Targets 2 | . 2 Max Gunslinging Chain 1 | . 1 Shots Hit Robots 74 | . 74 Core Hits 36 | 1 35 Critical Kills . | . . Critical Parts Destroyed . | . . Critical Strikes 2 | . 2 Blast 2 | . 2 Melee Attacks 12 | . 12 Impact . | . . Slashing . | . . Piercing . | . . Sneak Attacks 10 | . 10 Combat Hostiles . | . . Follow-up Attacks . | . . Damage Inflicted 1220 | 10 1210 Guns 401 | 10 391 Cannons 471 | . 471 Explosions 348 | . 348 Melee . | . . Ramming . | . . Kinetic 872 | 10 862 Thermal . | . . Explosive 348 | . 348 Electromagnetic . | . . Impact . | . . Slashing . | . . Piercing . | . . Highest Corruption . | . . Average Corruption . | . . Corruption Purged . | . . Corruption Blocked . | . . Overload Shots . | . . Overflow Damage 10 | . 10 Projectiles . | . . Explosions 10 | . 10 Melee . | . . Knockbacks 4 | . 4 Impact . | . . Kinetic 4 | . 4 Secondary . | . . Self-Inflicted Damage 52 | . 52 Shots 3 | . 3 Rammed . | . . Targets Rammed . | . . Kicked . | . . Crushed . | . . Highest Temperature 41 | . 41 Average Temperature 13 | . 13 Received Heat Transfer 672 | . 672 Siege Activations . | . . Robots Corrupted . | . . Combat Hostiles . | . . Parts Fried . | . . Impact Corruptions . | . . Robots Melted . | . . Combat Hostiles . | . . Parts Melted . | . . Heat Transferred . | . . Parts Sabotaged . | . . Parts Stolen . | . . Parts Stripped . | . . Power Chain Reactions . | . . Alert | -11 -10 ------- Run | Yrd Mat Peak Influence 268 | 5 268 Initial 3 | . 3 Average 73 | 3 79 Maximum Alert Level 1 | . 1 Low Security (%) 98 | 100 98 Level 1 1 | . 1 Level 2 . | . . Level 3 . | . . Level 4 . | . . Level 5 . | . . High Security . | . . Max Security . | . . Squads Dispatched 6 | . 6 Investigation 2 | . 2 Extermination . | . . Reinforcement 4 | . 4 Assault . | . . Garrison . | . . Intercept . | . . Searches Triggered . | . . Construction Impeded . | . . Haulers Reinforced . | . . Active Scanning Responses . | . . Cargo Convoy Interrupts . | . . Stealth | -11 -10 --------- Run | Yrd Mat Distress Signals 2 | . 2 Communications Jammed . | . . Distress Signals . | . . Times Spotted 35 | . 35 Peak Tracking Total 6 | . 6 Tactical Retreats . | . . Traps | -11 -10 ------- Run | Yrd Mat Traps Triggered 2 | . 2 Indirectly . | . . Trap Hack Attempts 5 | . 5 Triggered . | . . Disarmed 1 | . 1 Reprogrammed . | . . Reused . | . . Traps Extracted . | . . Installed . | . . Triggered . | . . Machines | -11 -10 ---------- Run | Yrd Mat Machines Disabled 2 | . 2 Max in Single Turn 1 | . 1 Machines Repaired . | . . Machines Dismantled . | . . Machines Sabotaged . | . . Overloaded Fab Kills . | . . Hacking | -11 -10 --------- Run | Yrd Mat Machines Accessed 3 | . 3 Terminals 2 | . 2 Fabricators . | . . Repair Stations 1 | . 1 Recycling Units . | . . Scanalyzers . | . . Garrison Access . | . . Total Hacks 14 | . 14 Successful 11 | . 11 Failed 3 | . 3 Catastrophic . | . . Database Lockouts . | . . Manual 2 | . 2 Terminals 10 | . 10 Fabricators . | . . Repair Stations 4 | . 4 Recycling Units . | . . Scanalyzers . | . . Garrison Access . | . . Terminal Hacks 8 | . 8 Record 2 | . 2 Prototype ID Bank 1 | . 1 Level Access Points 1 | . 1 Alert Level 1 | . 1 Locate Traps 1 | . 1 Disarm Traps 1 | . 1 Zone Layout 1 | . 1 Fabricator Hacks . | . . Repair Station Hacks 3 | . 3 Scan Component 1 | . 1 Repair 1 | . 1 Refit 1 | . 1 Recycling Unit Hacks . | . . Scanalyzer . | . . Garrison Access Hacks . | . . Unauthorized Hacks . | . . Terminals . | . . Fabricators . | . . Repair Stations . | . . Recycling Units . | . . Scanalyzers . | . . Garrison Access . | . . Data Cores Recovered . | . . Used . | . . Hacking Detections 1 | . 1 Full Trace Events 1 | . 1 Feedback Events . | . . Feedback Blocked . | . . Robot Schematics Acquired . | . . Robots Built . | . . Authchips . | . . Time . | . . Total Robot Build Rating . | . . Part Schematics Acquired . | . . Parts Built . | . . Authchips . | . . Time . | . . Total Part Build Rating . | . . Parts Repaired 1 | . 1 Time 26 | . 26 Parts Recycled . | . . Recycled Matter . | . . Retrieved Matter . | . . Retrieved Components . | . . Parts Scanalyzed . | . . Part Schematics Acquired . | . . Parts Damaged . | . . Bothacking | -11 -10 ------------ Run | Yrd Mat Used RIF Installer . | . . Robots Hacked 4 | . 4 Non-combat 4 | . 4 Combat . | . . Robot Hacks Applied 7 | . 7 parse_system 2 | . 2 no_distress 4 | . 4 check_alert 1 | . 1 Relay Couplers Released . | . . Fabnet Peak Effective % . | . . Robots Rewired . | . . Allies Hacked . | . . Hacks Repelled . | . . Allies | -11 -10 -------- Run | Yrd Mat Total Allies . | . . Largest Group . | . . Highest-Rated Group . | . . Highest-Rated Ally . | . . Total Orders . | . . Ally Attacks . | . . Total Damage . | . . Kills . | . . Allies Corrupted . | . . Allies Melted . | . . Intel | -11 -10 ------- Run | Yrd Mat Robot Analysis Total . | . . Derelict Logs Recovered . | . . Drone Launches . | . . Drone Recoveries . | . . Exploration | -11 -10 ------------- Run | Yrd Mat Turns Passed 1941 | 144 1797 Spaces Moved 850 | 85 765 Core 8 | 8 . Treads 242 | 77 165 Legs 600 | . 600 Wheels . | . . Hover . | . . Flight . | . . Fastest Speed 50 | 50 160 Average Speed 192 | 153 196 Slowest Speed 260 | 160 260 Overloaded Moves . | . . Propulsion Burnouts . | . . Robots Hopped . | . . Cave-ins Triggered . | . . Exploration Rate (%) 41 | 5 78 Regions Visited 1 Branch Regions . Pre-discovered Areas . | . . Known Exits Taken . | . . Unknown Exits Taken 1 | 1 . Scrap Searched . | . . Spaces Dug . | . . Terrain Destroyed 35 | . 35 Melee . | . . Projectile . | . . AOE 35 | . 35 Terrain Rammed . | . . Walls Destroyed . | . . Machines Disabled . | . . Actions | -11 -10 --------- Run | Yrd Mat Total 1048 | 97 951 Wait 37 | . 37 Move 849 | 84 765 Hop . | . . Pick Up 33 | 6 27 Fast Attach . | . . Attach 10 | 6 4 Detach . | . . Swap 15 | . 15 Drop 11 | . 11 Fire 76 | 1 75 Melee 12 | . 12 Ram . | . . Kick . | . . Crush . | . . Escape Stasis . | . . Rewire . | . . Trap 5 | . 5 Miscellaneous . | . . Route ------- -11/Scrapyard -10/Materials (discovered 4 exits: *Mat x3 / [*Min]) History --------- Turn | Location | Event 7 | -11/Scrapyard | Discovered new exit (range 16) 145 | -11/Scrapyard | Entered Materials 303 | -10/Materials | Build established: Mutant 328 | -10/Materials | Identified exit to Materials 459 | -10/Materials | Core integrity fell below 50% 1230 | -10/Materials | Repaired Datajack 1659 | -10/Materials | Discovered new exit (range 7) 1913 | -10/Materials | Core integrity fell below 20% 1942 | -10/Materials | Destroyed by G-34 Mercenary with Small Laser Last Messages --------------- 01714_ W-16 Scout destroyed. 01720_ Acquired 4 matter. 01734_ Acquired Prototype Engine. 01749_ Acquired Trap Extractor. 01754_ Acquired Shotgun. 01811_ Sneak attack on K-01 Serf. 01811_ Jacked K-01 Serf... >>find_chute No applicable chute records found in memory. 01812_ Sneak attack on K-01 Serf. 01812_ Jacked K-01 Serf... >>parse_system Reading system data... 01912_ G-34 Mercenary knocked back. 01932_ Acquired 2 matter. 01932_ Triggered Alarm Trap. 01932_ An alarm sounds. 01932_ ALERT: Alarm triggered, dispatching investigation squad. 01934_ Datajack destroyed. Map ----- +----------------------------------------------------+ | # #????????????# #??# # | | # !! #????????????# #??###### | | # !! #????????????# #???????? | | # !! #????????????# #???????? | | + #????????????# #???????? | | #####+##???########## #???????? | | #???# #????# # #???????? | | ##??# #????# # #???????? | | #??# #????# # #####???? | | #### ###### % # #???? | | + # #???? | | ########### #%= !#???? | | #?????????# #= % !!#???? | | ##?????????# + k #???? | | ???????????# # [[#???? | | ???????????########## #####???? | | ????????????????????# #####???? | | ????????????????????# #???? | | ????????????????????#